[Event "Najdorf Memorial-B 2022"]
[Site "Warsaw"]
[Date "2022.07.11"]
[Round "3.11"]
[White "Rog, Mateusz"]
[Black "Napieralski, Lucjan"]
[Result "0-1"]
[ECO "E10"]
[WhiteElo "1564"]
[BlackElo "1414"]
[Annotator "NA"]
[PlyCount "110"]
[EventDate "2022.07.09"]
[EventType "swiss"]
[EventCountry "POL"]
[SourceTitle "playchess.com"]
[Source "ChessBase"]
[SourceQuality "1"]
[TimeControl "40/5400+30:1800+30"]

1. d4 e6 2. c4 Nf6 3. Nf3 d5 4. g3 c5 5. Bg2 Nc6 6. b3 Qb6 7. e3 cxd4 8. exd4 Bb4+ 9. Bd2 Nxd4 10. Nxd4 Qxd4 11. Bxb4 Qxa1 12. O-O a5 13. Ba3 b5 14. cxb5 Bb7 15. Qc1 Rc8 16. Qf4 Nd7 17. Qd6 Qf6 18. Bh3 Rc2 19. Bg4 Rxa2 20. Qc7 Rxa3 21. Nxa3 Ba8 22. Qa7 Qd8 23. Rc1 O-O 24. Rc7 Nf6 25. Bf3 Ne8 26. Rd7 Qc8 27. b6 Qc1+ 28. Kg2 Bc6 29. b7 Bxb7 30. Qxb7 Qxa3 31. Bh5 g6 32. Be2 Nf6 33. Rc7 Qb2 34. Bd3 Qd4 35. Qa6 Ne4 36. Bxe4 Qxe4+ 37. f3 Qb1 38. Rb7 Rc8 39. Qxa5 Rc2+ 40. Kh3 Qf1+ 41. Kg4 h5+ 42. Kg5 Qxf3 43. Rb4 d4 44. Qe5 Qe3+ 45. Qxe3 dxe3 46. Kh6 Kf8 47. Re4 e2 48. b4 Ke7 49. b5 Rb2 50. Kg7 Rxb5 51. Rxe2 Rf5 52. Rd2 e5 53. Re2 Ke6 54. Kh6 Kd5 55. h3 Rf3 0-1

[Event "Najdorf Memorial-B 2022"]
[Site "Warsaw"]
[Date "2022.07.11"]
[Round "3.12"]
[White "Tsiapko, Andrii"]
[Black "Rutkowski, Feliks"]
[Result "1-0"]
[ECO "E04"]
[WhiteElo "1538"]
[BlackElo "1406"]
[Annotator "NA RC"]
[PlyCount "57"]
[EventDate "2022.07.09"]
[EventType "swiss"]
[EventCountry "POL"]
[SourceTitle "playchess.com"]
[Source "ChessBase"]
[SourceQuality "1"]
[TimeControl "40/5400+30:1800+30"]

1. d4 d5 2. c4 e6 3. Nf3 Nf6 4. g3 dxc4 5. Bg2 Nc6 6. O-O a6 7. e3 Rb8 8. Nfd2 Bd7 9. Nxc4 b5 10. Ne5 Nd5 11. e4 Nde7 12. Nxd7 Qxd7 13. d5 Na7 14. Bh3 Rd8 15. Qb3 Qc8 16. dxe6 f6 17. Be3 Nac6 18. Nc3 Na5 19. Qc2 g6 20. Rad1 Bg7 21. Rxd8+ Qxd8 22. Rd1 Qc8 23. Bc5 Nac6 24. Rd7 Bf8 25. Nd5 Nxd5 26. exd5 Ne5 27. Bxf8 Kxf8 28. Qc5+ Kg8 29. Qe7 1-0

[Event "Najdorf Memorial-B 2022"]
[Site "Warsaw"]
[Date "2022.07.11"]
[Round "3.13"]
[White "Sobczak, Filip"]
[Black "Piddubna, Bozhena"]
[Result "0-1"]
[ECO "E12"]
[WhiteElo "1018"]
[BlackElo "1534"]
[Annotator "NA"]
[PlyCount "118"]
[EventDate "2022.07.09"]
[EventType "swiss"]
[EventCountry "POL"]
[SourceTitle "playchess.com"]
[Source "ChessBase"]
[SourceQuality "1"]
[TimeControl "40/5400+30:1800+30"]

1. d4 Nf6 2. c4 e6 3. Nf3 b6 4. Bg5 Bb4+ 5. Nc3 h6 6. Bh4 g5 7. Bg3 Ne4 8. Qb3 Bxc3+ 9. bxc3 d6 10. Qc2 Bb7 11. Nd2 f5 12. e3 Qf6 13. Nxe4 Bxe4 14. Qd2 Rf8 15. f3 Bb7 16. Bf2 Nd7 17. Be2 O-O-O 18. a4 a5 19. Rb1 e5 20. c5 dxc5 21. d5 Nb8 22. c4 Na6 23. h3 Nb4 24. Rf1 Qd6 25. g4 f4 26. e4 h5 27. Rg1 h4 28. Kf1 Nc6 29. Kg2 Nd4 30. Kh2 Rde8 31. Kg2 Qd7 32. Bd1 Ba6 33. Qc3 Qd6 34. Be1 Kd7 35. Rf1 Rb8 36. Qd3 Rfc8 37. Rc1 Ke7 38. Bc3 Kf6 39. Re1 Rd8 40. Bb2 Bc8 41. Rg1 Bd7 42. Bc3 Be8 43. Rb1 Bg6 44. Kf2 c6 45. Be2 cxd5 46. cxd5 Rdc8 47. Qa6 Ke7 48. Rb2 Nxe2 49. Kxe2 c4 50. Qa7+ Kf8 51. Rgb1 Qc5 52. Bd2 c3 53. Rc2 Qc4+ 54. Kf2 Qd4+ 55. Ke2 cxd2 56. Rxd2 Qe3+ 57. Kd1 Qxf3+ 58. Re2 Qf1+ 59. Kd2 Qxb1 0-1

[Event "Najdorf Memorial-B 2022"]
[Site "Warsaw"]
[Date "2022.07.11"]
[Round "3.14"]
[White "Flis, Piotr"]
[Black "Machnik, Stanislaw"]
[Result "1-0"]
[ECO "B29"]
[WhiteElo "1523"]
[BlackElo "1381"]
[Annotator "NA RC"]
[PlyCount "75"]
[EventDate "2022.07.09"]
[EventType "swiss"]
[EventCountry "POL"]
[SourceTitle "playchess.com"]
[Source "ChessBase"]
[SourceQuality "1"]
[TimeControl "40/5400+30:1800+30"]

1. e4 c5 2. Nf3 Nf6 3. e5 Nd5 4. c3 e6 5. Na3 d6 6. d4 cxd4 7. Qxd4 Nc6 8. Bb5 Bd7 9. Bxc6 Bxc6 10. Nc4 dxe5 11. Ncxe5 Be7 12. Nxc6 bxc6 13. O-O O-O 14. Rd1 Bf6 15. Qa4 Qb6 16. c4 Qb4 17. Qxb4 Nxb4 18. a3 Nc2 19. Rb1 Rfd8 20. Bg5 Bxg5 21. Nxg5 c5 22. Ne4 Rdc8 23. Rd2 Nd4 24. b4 Nc6 25. Nxc5 Ne5 26. Rd4 Rab8 27. Rbd1 g6 28. f4 Nc6 29. Rd7 e5 30. fxe5 Nxe5 31. Rxa7 Nxc4 32. Rdd7 h5 33. Rxf7 Nxa3 34. Rg7+ Kh8 35. Rh7+ Kg8 36. Rag7+ Kf8 37. Ne6+ Ke8 38. Rg8# 1-0

[Event "Najdorf Memorial-B 2022"]
[Site "Warsaw"]
[Date "2022.07.11"]
[Round "3.15"]
[White "Nawalaniec, Adam"]
[Black "Dysko, Michal"]
[Result "0-1"]
[ECO "C00"]
[WhiteElo "1768"]
[BlackElo "1376"]
[Annotator "NA"]
[PlyCount "142"]
[EventDate "2022.07.09"]
[EventType "swiss"]
[EventCountry "POL"]
[SourceTitle "playchess.com"]
[Source "ChessBase"]
[SourceQuality "1"]
[TimeControl "40/5400+30:1800+30"]

1. e4 e6 2. d3 d5 3. Nd2 Nf6 4. Ngf3 dxe4 5. dxe4 Bc5 6. Bd3 e5 7. Nb3 Bd6 8. O-O O-O 9. h3 Nbd7 10. Be3 a5 11. a4 b6 12. Nh4 Bb7 13. Nf5 Be7 14. Qf3 Re8 15. Qg3 Nh5 16. Nh6+ Kf8 17. Qf3 Nhf6 18. Qf5 g6 19. Qf3 Kg7 20. Rad1 Rf8 21. Rd2 Qe8 22. Rfd1 Rd8 23. g4 Bc6 24. Bc4 Bxe4 25. Qe2 Bc6 26. Bb5 Nb8 27. g5 Ne4 28. Rxd8 Bxd8 29. Rxd8 Qxd8 30. Bxc6 Nxc6 31. Qc4 Nxg5 32. Qxc6 Nxh3+ 33. Kg2 Nf4+ 34. Bxf4 exf4 35. Ng4 Qg5 36. f3 h5 37. Qc3+ Kg8 38. Qf6 Qxf6 39. Nxf6+ Kg7 40. Nd5 g5 41. c3 Re8 42. Nd4 c5 43. Nf5+ Kf8 44. Nxb6 Re2+ 45. Kh3 Rf2 46. Nd7+ Kg8 47. Nxc5 Rxf3+ 48. Kg2 g4 49. c4 Rh3 50. Kg1 g3 51. Ne4 Rh2 52. c5 Rxb2 53. Nf6+ Kf8 54. Nxh5 Rb4 55. Nd6 Rxa4 56. Nxf4 Rxf4 57. c6 Rd4 58. c7 Rd1+ 59. Kg2 Rc1 60. c8=Q+ Rxc8 61. Nxc8 a4 62. Nb6 a3 63. Nd7+ Ke7 64. Nc5 a2 65. Nb3 Kd6 66. Kxg3 Kd5 67. Kf4 Kc4 68. Na1 Kc3 69. Ke3 Kb2 70. Kd2 Kxa1 71. Kc2 f5 0-1

[Event "Najdorf Memorial-B 2022"]
[Site "Warsaw"]
[Date "2022.07.11"]
[Round "3.16"]
[White "Bartczak, Hanna"]
[Black "Koziol, Pawel"]
[Result "1/2-1/2"]
[ECO "A40"]
[WhiteElo "1479"]
[BlackElo "1771"]
[Annotator "NA RC"]
[PlyCount "85"]
[EventDate "2022.07.09"]
[EventType "swiss"]
[EventCountry "POL"]
[SourceTitle "playchess.com"]
[Source "ChessBase"]
[SourceQuality "1"]
[TimeControl "40/5400+30:1800+30"]

1. d4 g6 2. Nc3 d5 3. Bf4 Nf6 4. e3 Bg7 5. Bd3 O-O 6. h4 h5 7. Nf3 Bg4 8. Be2 Nbd7 9. Ne5 Bxe2 10. Qxe2 c5 11. O-O-O Rc8 12. Qb5 cxd4 13. exd4 Nb6 14. f3 e6 15. Rdg1 Nc4 16. Qxb7 Nxe5 17. Bxe5 Qa5 18. Qb5 Qxb5 19. Nxb5 a6 20. Na3 Bh6+ 21. Kb1 Nd7 22. Bd6 Rfe8 23. c3 Rc6 24. Bg3 Rec8 25. Nc2 Rb6 26. Ka1 f6 27. Re1 Kf7 28. Re2 Nb8 29. Ne1 a5 30. Nd3 Na6 31. Rhe1 a4 32. Nf4 Rcc6 33. Nd3 Bf8 34. Rc2 Nc7 35. Rec1 Nb5 36. Bf2 a3 37. b3 Bh6 38. f4 Nd6 39. c4 Ne4 40. cxd5 Rxc2 41. Rxc2 exd5 42. Be1 Bf8 43. Bf2 1/2-1/2

[Event "Najdorf Memorial-B 2022"]
[Site "Warsaw"]
[Date "2022.07.11"]
[Round "3.17"]
[White "Nowak, Lukasz"]
[Black "Jaroszuk, Marcin"]
[Result "0-1"]
[ECO "A98"]
[WhiteElo "2327"]
[BlackElo "1476"]
[Annotator "RC"]
[PlyCount "42"]
[EventDate "2022.07.09"]
[EventType "swiss"]
[EventCountry "POL"]
[SourceTitle "playchess.com"]
[Source "ChessBase"]
[SourceQuality "1"]
[TimeControl "40/5400+30:1800+30"]

1. d4 e6 2. c4 f5 3. g3 Nf6 4. Bg2 Be7 5. Nf3 O-O 6. O-O d6 7. Nc3 Qe8 8. Qc2 Qh5 9. e4 e5 10. dxe5 dxe5 11. Nd5 Nxd5 12. cxd5 Bd6 13. Ng5 f4 14. Nf3 Bg4 15. Qc3 Nd7 16. Bd2 Rf6 17. h4 Raf8 18. Nh2 f3 19. Nxg4 Qxg4 20. Bh1 Rg6 21. Kh2 Be7 0-1

[Event "Najdorf Memorial-B 2022"]
[Site "Warsaw"]
[Date "2022.07.12"]
[Round "4.1"]
[White "Yasmo, Daniil"]
[Black "Mossakowski, Jakub"]
[Result "1-0"]
[ECO "A67"]
[WhiteElo "1680"]
[BlackElo "1487"]
[Annotator "NA"]
[PlyCount "153"]
[EventDate "2022.07.09"]
[EventType "swiss"]
[EventCountry "POL"]
[SourceTitle "playchess.com"]
[Source "ChessBase"]
[SourceQuality "1"]
[TimeControl "40/5400+30:1800+30"]

1. d4 Nf6 2. c4 c5 3. d5 e6 4. Nc3 exd5 5. cxd5 d6 6. e4 g6 7. f4 Bg7 8. Bb5+ Bd7 9. e5 Qe7 10. Qe2 Ng8 11. Nf3 a6 12. Bxd7+ Nxd7 13. e6 fxe6 14. dxe6 Ndf6 15. Ng5 Nh6 16. Nge4 Nxe4 17. Qxe4 Bxc3+ 18. bxc3 O-O 19. O-O Rae8 20. Re1 Ng4 21. h3 Nf6 22. Qd3 Nh5 23. f5 Rxf5 24. Bh6 Ng7 25. g4 Re5 26. Rxe5 dxe5 27. Qd5 Qxe6 28. Qxb7 Re7 29. Qb8+ Re8 30. Qa7 Re7 31. Qxc5 e4 32. Rd1 e3 33. Rd8+ Ne8 34. Qd4 Qe5 35. Qxe5 Rxe5 36. Kf1 e2+ 37. Ke1 Kf7 38. Rd2 Ke6 39. Rxe2 Rxe2+ 40. Kxe2 Kd5 41. Kd3 Nd6 42. Bf4 Nc4 43. Be3 Ne5+ 44. Ke2 Ke4 45. Bd4 Nf3 46. Ba7 Ng5 47. h4 Nf3 48. Bf2 Ne5 49. g5 Nc4 50. Bd4 Nd6 51. Kd2 Nf5 52. Bf2 Kf3 53. Be1 Ke4 54. Bf2 Kf3 55. Be1 Ke4 56. Ke2 Nd6 57. Kd2 Nf5 58. Kc2 Ke3 59. c4 Kd4 60. Kb3 Kc5 61. Bf2+ Kc6 62. Kb4 Nd6 63. c5 Nb7 64. Kc4 Nd8 65. Kd4 Nf7 66. Be3 a5 67. a4 Kd7 68. Kd5 Nd8 69. Bf4 Nc6 70. Bd6 Nb4+ 71. Ke5 Nd3+ 72. Kf6 Ne1 73. Kg7 Nf3 74. Bg3 Kc6 75. Bf2 Ne5 76. Kxh7 Kd7 77. Bg3 1-0

[Event "Najdorf Memorial-B 2022"]
[Site "Warsaw"]
[Date "2022.07.12"]
[Round "4.2"]
[White "Trochimczuk, Szymon"]
[Black "Slusarczyk, Anna"]
[Result "1/2-1/2"]
[ECO "E17"]
[WhiteElo "1480"]
[BlackElo "1637"]
[Annotator "NA"]
[PlyCount "128"]
[EventDate "2022.07.09"]
[EventType "swiss"]
[EventCountry "POL"]
[SourceTitle "playchess.com"]
[Source "ChessBase"]
[SourceQuality "1"]
[TimeControl "40/5400+30:1800+30"]

1. d4 Nf6 2. c4 e6 3. Nf3 b6 4. g3 Bb7 5. Bg2 Be7 6. O-O d6 7. Qc2 Nbd7 8. Nc3 O-O 9. e4 c5 10. d5 exd5 11. cxd5 Ba6 12. Re1 Ng4 13. Bf4 g5 14. Be3 Nxe3 15. Rxe3 g4 16. Nd2 Bg5 17. Ree1 Ne5 18. Nf1 Nd3 19. Red1 c4 20. e5 Nxe5 21. Ne4 f5 22. Nxg5 Qxg5 23. Qa4 Bb7 24. Ne3 a6 25. Qb4 b5 26. Qxd6 f4 27. Nc2 f3 28. Bf1 Kh8 29. Re1 Nf7 30. Qd7 Bxd5 31. Ne3 Rfd8 32. Qxg4 Qxg4 33. Nxg4 b4 34. Re3 Rac8 35. Nf6 c3 36. bxc3 bxc3 37. Nxd5 Rxd5 38. Bh3 Rc6 39. Be6 c2 40. Bxd5 c1=Q+ 41. Re1 Qc5 42. Bxc6 Qxc6 43. h4 Nh6 44. Rac1 Qd7 45. Rc3 Qg4 46. Ree3 Nf5 47. Rxf3 Nd4 48. Rfe3 Ne2+ 49. Rxe2 Qxe2 50. Ra3 Kg7 51. Kg2 Kg6 52. Ra4 h5 53. a3 Qb5 54. Rf4 Qd5+ 55. Kg1 a5 56. a4 Qd6 57. Kg2 Qd5+ 58. Kf1 Qd1+ 59. Kg2 Qd2 60. Kf1 Qd1+ 61. Kg2 Qd3 62. Kg1 Qb1+ 63. Kg2 Qe1 64. Kf3 Qd1+ 1/2-1/2

[Event "Najdorf Memorial-B 2022"]
[Site "Warsaw"]
[Date "2022.07.12"]
[Round "4.3"]
[White "Bubien, Antoni"]
[Black "Tsiapko, Andrii"]
[Result "1-0"]
[ECO "B31"]
[WhiteElo "1472"]
[BlackElo "1538"]
[Annotator "NA"]
[PlyCount "75"]
[EventDate "2022.07.09"]
[EventType "swiss"]
[EventCountry "POL"]
[SourceTitle "playchess.com"]
[Source "ChessBase"]
[SourceQuality "1"]
[TimeControl "40/5400+30:1800+30"]

1. e4 c5 2. Nf3 Nc6 3. Bb5 g6 4. O-O Bg7 5. c3 Nf6 6. Re1 O-O 7. d4 d5 8. exd5 Qxd5 9. c4 Qd8 10. d5 Nb8 11. Nc3 Bg4 12. h3 Bxf3 13. Qxf3 Nbd7 14. Bg5 h6 15. Bh4 Nb6 16. d6 exd6 17. Qxb7 Qc8 18. Qf3 g5 19. Bg3 Qc7 20. Rad1 Rfd8 21. Bc6 Rac8 22. Bb7 Rb8 23. Ba6 Re8 24. Rxe8+ Nxe8 25. Nb5 Qe7 26. Nxd6 Rd8 27. Nf5 Rxd1+ 28. Qxd1 Qe4 29. Qd8 Bf6 30. Qb8 Qxf5 31. Qxe8+ Kg7 32. Bd6 Qb1+ 33. Kh2 Bxb2 34. Bb7 Nxc4 35. Bf8+ Kf6 36. Qe7+ Kf5 37. Qxf7+ Bf6 38. Bc8+ 1-0

[Event "Najdorf Memorial-B 2022"]
[Site "Warsaw"]
[Date "2022.07.12"]
[Round "4.4"]
[White "Piddubna, Bozhena"]
[Black "Matskevich, Varvara"]
[Result "1-0"]
[ECO "A28"]
[WhiteElo "1534"]
[BlackElo "1467"]
[Annotator "NA"]
[PlyCount "61"]
[EventDate "2022.07.09"]
[EventType "swiss"]
[EventCountry "POL"]
[SourceTitle "playchess.com"]
[Source "ChessBase"]
[SourceQuality "1"]
[TimeControl "40/5400+30:1800+30"]

1. c4 e5 2. Nc3 Nf6 3. Nf3 Nc6 4. e4 Bc5 5. Nxe5 Bxf2+ 6. Kxf2 Nxe5 7. d4 Ng6 8. Be2 O-O 9. Rf1 c6 10. Kg1 h6 11. d5 Qe7 12. d6 Qe6 13. Qd4 b6 14. b4 c5 15. bxc5 bxc5 16. Qxc5 Bb7 17. Qd4 Nxe4 18. Nxe4 Qxe4 19. Qxe4 Bxe4 20. Bb2 Rfe8 21. Bg4 Bc6 22. Rae1 f6 23. Bd4 a5 24. g3 a4 25. Bf5 Nf8 26. Re7 Reb8 27. Rf4 Re8 28. Bxf6 gxf6 29. Rg4+ Kh8 30. Reg7 Ng6 31. R7xg6 1-0

[Event "Najdorf Memorial-B 2022"]
[Site "Warsaw"]
[Date "2022.07.12"]
[Round "4.5"]
[White "Napieralski, Lucjan"]
[Black "Flis, Piotr"]
[Result "1-0"]
[ECO "C89"]
[WhiteElo "1414"]
[BlackElo "1523"]
[Annotator "NA"]
[PlyCount "62"]
[EventDate "2022.07.09"]
[EventType "swiss"]
[EventCountry "POL"]
[SourceTitle "playchess.com"]
[Source "ChessBase"]
[SourceQuality "1"]
[TimeControl "40/5400+30:1800+30"]

1. e4 e5 2. Nf3 Nc6 3. Bb5 a6 4. Ba4 Nf6 5. O-O Be7 6. Re1 b5 7. Bb3 O-O 8. c3 d5 9. exd5 Nxd5 10. Nxe5 Nxe5 11. Rxe5 c6 12. d4 Bd6 13. Re1 Qh4 14. g3 Qh3 15. Qf3 Bg4 16. Qg2 Qh5 17. Be3 Rae8 18. Nd2 Re6 19. Bd1 Rxe3 20. fxe3 Bxd1 21. e4 Bg4 22. exd5 cxd5 23. Re3 Bh3 24. Qh1 Qg5 25. Qf3 Bg4 26. Qf2 f5 27. Nf3 Qh5 28. Ne5 f4 29. gxf4 Bf5 30. Qf3 Qh6 31. Qxd5+ Be6 1-0

[Event "Najdorf Memorial-B 2022"]
[Site "Warsaw"]
[Date "2022.07.12"]
[Round "4.6"]
[White "Dysko, Michal"]
[Black "Grudzinski, Krzysztof"]
[Result "1-0"]
[ECO "A15"]
[WhiteElo "1376"]
[BlackElo "1520"]
[Annotator "NA"]
[PlyCount "79"]
[EventDate "2022.07.09"]
[EventType "swiss"]
[EventCountry "POL"]
[SourceTitle "playchess.com"]
[Source "ChessBase"]
[SourceQuality "1"]
[TimeControl "40/5400+30:1800+30"]

1. c4 Nf6 2. g3 e6 3. Bg2 c5 4. Nc3 Nc6 5. e4 Be7 6. Nge2 O-O 7. O-O a6 8. d3 d6 9. a3 Rb8 10. Rb1 Nd4 11. b4 Bd7 12. Be3 e5 13. h3 b5 14. cxb5 axb5 15. f4 Bc6 16. bxc5 Nxe2+ 17. Qxe2 exf4 18. Bxf4 dxc5 19. Bxb8 Qxb8 20. e5 Bxg2 21. Kxg2 Nd7 22. e6 Nf6 23. exf7+ Rxf7 24. Rxb5 Qa8+ 25. Kh2 Qxa3 26. Rb8+ Bf8 27. Ne4 Nxe4 28. Rxf7 Kxf7 29. Qxe4 Qa2+ 30. Qg2 Qxg2+ 31. Kxg2 Be7 32. Kf3 Ke6 33. Ke4 Bd6 34. Rb6 Kd7 35. g4 Bc7 36. Ra6 Bd6 37. Kd5 Be7 38. Ra7+ Kd8 39. Rxe7 Kxe7 40. Kxc5 1-0

[Event "Najdorf Memorial-B 2022"]
[Site "Warsaw"]
[Date "2022.07.12"]
[Round "4.7"]
[White "Przybylski, Jan"]
[Black "Terkiewicz, Bruno"]
[Result "0-1"]
[ECO "C68"]
[WhiteElo "1685"]
[BlackElo "1473"]
[Annotator "NA"]
[PlyCount "76"]
[EventDate "2022.07.09"]
[EventType "swiss"]
[EventCountry "POL"]
[SourceTitle "playchess.com"]
[Source "ChessBase"]
[SourceQuality "1"]
[TimeControl "40/5400+30:1800+30"]

1. e4 e5 2. Nf3 Nc6 3. Bb5 a6 4. Bxc6 dxc6 5. d4 exd4 6. Qxd4 Bg4 7. Qe3 Bb4+ 8. Bd2 Qe7 9. O-O Nf6 10. Qb3 a5 11. Bxb4 axb4 12. Nbd2 O-O 13. Rfe1 Be6 14. Qe3 Ng4 15. Qe2 Qc5 16. Nb3 Bxb3 17. axb3 Ne5 18. Nxe5 Qxe5 19. Rxa8 Rxa8 20. Rb1 Qd4 21. Qd3 Rd8 22. Rd1 c5 23. Qxd4 Rxd4 24. Rxd4 cxd4 25. Kf1 f6 26. Ke2 c5 27. Kd3 b5 28. f4 Kf7 29. e5 fxe5 30. fxe5 Ke7 31. Ke4 Ke6 32. Kf4 Kd5 33. Kf5 c4 34. e6 Kd6 35. Ke4 d3 36. cxd3 c3 37. bxc3 bxc3 38. Ke3 b4 0-1

[Event "Najdorf Memorial-B 2022"]
[Site "Warsaw"]
[Date "2022.07.12"]
[Round "4.8"]
[White "Jaroszuk, Marcin"]
[Black "Nocek, Dominik"]
[Result "1/2-1/2"]
[ECO "A49"]
[WhiteElo "1476"]
[BlackElo "1682"]
[Annotator "NA"]
[PlyCount "76"]
[EventDate "2022.07.09"]
[EventType "swiss"]
[EventCountry "POL"]
[SourceTitle "playchess.com"]
[Source "ChessBase"]
[SourceQuality "1"]
[TimeControl "40/5400+30:1800+30"]

1. Nf3 Nf6 2. d4 g6 3. g3 Bg7 4. Bg2 O-O 5. O-O c5 6. c4 cxd4 7. Nxd4 Nc6 8. Nc3 Nxd4 9. Qxd4 d6 10. Qh4 Rb8 11. Bh6 Be6 12. Bxg7 Kxg7 13. Qd4 Kg8 14. Rac1 a6 15. Rfd1 b5 16. cxb5 axb5 17. b3 Qa5 18. e4 b4 19. Nd5 Bxd5 20. exd5 Qxa2 21. Re1 Rb7 22. Re3 Qa7 23. Qc4 Rfb8 24. Bf3 Rb5 25. Qc7 Qxc7 26. Rxc7 Nxd5 27. Bxd5 Rxd5 28. Rexe7 Rf5 29. Rb7 Rc8 30. Rxb4 Rc1+ 31. Kg2 Rc2 32. Rf4 Rxf4 33. gxf4 Rb2 34. Rd7 Rxb3 35. Rxd6 Rb4 36. Kg3 Rb3+ 37. Kg2 Kg7 38. Rd5 Kf6 1/2-1/2

[Event "Najdorf Memorial-B 2022"]
[Site "Warsaw"]
[Date "2022.07.12"]
[Round "4.9"]
[White "Iwaszkiewicz, Krzysztof"]
[Black "Kalus, Franciszek"]
[Result "1/2-1/2"]
[ECO "D00"]
[WhiteElo "1630"]
[BlackElo "1344"]
[Annotator "NA"]
[PlyCount "114"]
[EventDate "2022.07.09"]
[EventType "swiss"]
[EventCountry "POL"]
[SourceTitle "playchess.com"]
[Source "ChessBase"]
[SourceQuality "1"]
[TimeControl "40/5400+30:1800+30"]

1. d4 d5 2. Bf4 Nf6 3. e3 c5 4. c3 Nc6 5. Nd2 Bf5 6. Qb3 Qd7 7. dxc5 e5 8. Bg3 Bxc5 9. Ngf3 Bd6 10. Bb5 Qe7 11. O-O O-O 12. Bxc6 bxc6 13. c4 Rab8 14. Qc3 Rfe8 15. a3 Ne4 16. Nxe4 Bxe4 17. Nd2 Bf5 18. Rac1 f6 19. Rfd1 Bg4 20. Re1 Be6 21. b4 a5 22. c5 axb4 23. axb4 Bc7 24. Ra1 Rb7 25. Ra6 Qd7 26. Qa3 Reb8 27. Qa4 Rxb4 28. Qxc6 Rb2 29. Nf3 Bg4 30. h3 Qxc6 31. Rxc6 Bxf3 32. Rxc7 Be4 33. Kh2 Rb1 34. f3 Bf5 35. c6 Rxe1 36. Bxe1 Rc8 37. Ba5 Rxc7 38. Bxc7 d4 39. exd4 exd4 40. Kg3 d3 41. Ba5 Kf7 42. Kf4 Bc8 43. Ke4 Ba6 44. Kd5 Ke7 45. Kc5 Bc8 46. Bb4 Kd8 47. Kd6 Ba6 48. g3 Bc4 49. Ba5+ Kc8 50. f4 f5 51. Ke7 g6 52. Kd6 h5 53. h4 Bb5 54. c7 Ba4 55. Ke7 d2 56. Bxd2 Kxc7 57. Kf7 Bd1 1/2-1/2

[Event "Najdorf Memorial-B 2022"]
[Site "Warsaw"]
[Date "2022.07.12"]
[Round "4.10"]
[White "Chekhani, Anna"]
[Black "Czarnowicz, Michal"]
[Result "1-0"]
[ECO "E92"]
[WhiteElo "1575"]
[BlackElo "1346"]
[Annotator "NA"]
[PlyCount "99"]
[EventDate "2022.07.09"]
[EventType "swiss"]
[EventCountry "POL"]
[SourceTitle "playchess.com"]
[Source "ChessBase"]
[SourceQuality "1"]
[TimeControl "40/5400+30:1800+30"]

1. d4 Nf6 2. c4 g6 3. Nc3 Bg7 4. e4 d6 5. Nf3 O-O 6. Be2 e5 7. Be3 Nc6 8. d5 Ne7 9. Qb3 c5 10. Nd2 Qa5 11. O-O-O Bd7 12. Qc2 a6 13. a4 Rfb8 14. f3 b5 15. cxb5 axb5 16. Bxb5 Bxb5 17. axb5 Ne8 18. Nc4 Qb4 19. Na3 Nc7 20. Bd2 c4 21. Ncb1 Qc5 22. Qxc4 Qxc4+ 23. Nxc4 Nxb5 24. Nba3 Nxa3 25. Nxa3 Nc8 26. Nc4 Ra4 27. Na5 Ra2 28. Bc3 Rb5 29. Nc6 Na7 30. Nxa7 Rxa7 31. Kc2 Bh6 32. Ra1 Rab7 33. Ra6 R5b6 34. Rxb6 Rxb6 35. Ra1 Be3 36. Ra8+ Kg7 37. Rc8 Bc5 38. Bxe5+ dxe5 39. Rxc5 Ra6 40. Kc3 Ra1 41. d6 Kf6 42. Rd5 Ra8 43. d7 Rd8 44. Kc4 Ke6 45. Kc5 Rxd7 46. Rxd7 Kxd7 47. Kd5 f6 48. b4 h5 49. b5 h4 50. b6 1-0

[Event "Najdorf Memorial-B 2022"]
[Site "Warsaw"]
[Date "2022.07.12"]
[Round "4.11"]
[White "Tomalak, Stanislaw"]
[Black "Zglenicki, Jakub"]
[Result "1-0"]
[ECO "A04"]
[WhiteElo "1554"]
[BlackElo "1157"]
[Annotator "NA"]
[PlyCount "121"]
[EventDate "2022.07.09"]
[EventType "swiss"]
[EventCountry "POL"]
[SourceTitle "playchess.com"]
[Source "ChessBase"]
[SourceQuality "1"]
[TimeControl "40/5400+30:1800+30"]

1. Nf3 Nc6 2. g3 d5 3. d3 e5 4. Nbd2 f5 5. e4 fxe4 6. dxe4 dxe4 7. Nxe4 Qxd1+ 8. Kxd1 Bf5 9. Nfd2 O-O-O 10. Bg2 Nd4 11. c3 Bg4+ 12. f3 Nxf3 13. Kc2 Nxd2 14. Bxd2 Nf6 15. Rae1 Bf5 16. Rhf1 Nxe4 17. Bxe4 Bh3 18. Rf7 g6 19. Bg5 Rd7 20. Rxd7 Bxd7 21. Bf6 Rg8 22. Bd5 Bg7 23. Bxg8 Bxf6 24. Bxh7 Bf5+ 25. Kd2 Bg5+ 26. Ke2 Kd7 27. h4 Bf6 28. Kf3 Ke6 29. g4 e4+ 30. Kg3 Bxh4+ 31. Kxh4 g5+ 32. Kxg5 Bxh7 33. Kf4 Kf6 34. g5+ Kf7 35. Rh1 Bg6 36. Rh8 e3 37. Kxe3 Bb1 38. a3 Bf5 39. Rb8 b6 40. Rb7 Kg6 41. Kf4 c5 42. Rxa7 Bd3 43. Rb7 b5 44. Rb6+ Kf7 45. Ke5 Kg7 46. Kd5 c4 47. Rxb5 Kg6 48. Kd4 Bc2 49. Kxc4 Bd1 50. Re5 Ba4 51. b3 Bd7 52. a4 Kf7 53. a5 Bc6 54. a6 Kf8 55. b4 Kf7 56. b5 Ba8 57. b6 Bg2 58. b7 Bf1+ 59. Kc5 Bxa6 60. b8=Q Bd3 61. Qd6 1-0

[Event "Najdorf Memorial-B 2022"]
[Site "Warsaw"]
[Date "2022.07.12"]
[Round "4.12"]
[White "Wnuk, Piotr"]
[Black "Leszczewicz, Karol"]
[Result "1/2-1/2"]
[ECO "A03"]
[WhiteElo "1412"]
[BlackElo "1519"]
[Annotator "NA"]
[PlyCount "56"]
[EventDate "2022.07.09"]
[EventType "swiss"]
[EventCountry "POL"]
[SourceTitle "playchess.com"]
[Source "ChessBase"]
[SourceQuality "1"]
[TimeControl "40/5400+30:1800+30"]

1. f4 d5 2. Nf3 Nf6 3. e3 c5 4. b3 g6 5. Bb2 Bg7 6. Be2 O-O 7. O-O Nc6 8. Ne5 Nxe5 9. Bxe5 Ne4 10. Bxg7 Kxg7 11. d3 Nf6 12. Nd2 Re8 13. Bf3 Qd6 14. g3 h5 15. e4 dxe4 16. Nxe4 Qd4+ 17. Kh1 Nxe4 18. dxe4 Qxd1 19. Raxd1 b6 20. e5 Rb8 21. c4 Bh3 22. Bg2 Bxg2+ 23. Kxg2 Red8 24. Kf3 e6 25. Ke4 Kf8 26. h3 Ke7 27. a4 a5 28. h4 Rbc8 1/2-1/2

[Event "Najdorf Memorial-B 2022"]
[Site "Warsaw"]
[Date "2022.07.12"]
[Round "4.13"]
[White "Borys, Marek"]
[Black "Prokopiuk, Jakub"]
[Result "1/2-1/2"]
[ECO "E76"]
[WhiteElo "1314"]
[BlackElo "1481"]
[Annotator "NA"]
[PlyCount "52"]
[EventDate "2022.07.09"]
[EventType "swiss"]
[EventCountry "POL"]
[SourceTitle "playchess.com"]
[Source "ChessBase"]
[SourceQuality "1"]
[TimeControl "40/5400+30:1800+30"]

1. d4 Nf6 2. c4 g6 3. Nc3 Bg7 4. e4 d6 5. f4 O-O 6. Bd3 Na6 7. a3 e5 8. fxe5 dxe5 9. d5 Nc5 10. Nf3 Bg4 11. O-O Nfd7 12. h3 Bxf3 13. Rxf3 Nxd3 14. Qxd3 Nc5 15. Qc2 a5 16. Be3 Qe7 17. Raf1 a4 18. Kh1 Nb3 19. Ne2 c6 20. Nc3 Nd4 21. Bxd4 exd4 22. Nxa4 Rae8 23. dxc6 bxc6 24. b4 Qxe4 25. Qxe4 Rxe4 26. Nc5 Re3 1/2-1/2

[Event "Najdorf Memorial-B 2022"]
[Site "Warsaw"]
[Date "2022.07.12"]
[Round "4.14"]
[White "Koziol, Pawel"]
[Black "Kobus, Stanislaw"]
[Result "0-1"]
[ECO "A04"]
[WhiteElo "1771"]
[BlackElo "1427"]
[Annotator "NA"]
[PlyCount "54"]
[EventDate "2022.07.09"]
[EventType "swiss"]
[EventCountry "POL"]
[SourceTitle "playchess.com"]
[Source "ChessBase"]
[SourceQuality "1"]
[TimeControl "40/5400+30:1800+30"]

1. Nf3 g6 2. g3 Bg7 3. Bg2 e5 4. d3 d6 5. c4 Nc6 6. Nc3 h6 7. Rb1 a5 8. a3 Be6 9. b4 axb4 10. axb4 Qd7 11. Bd2 Nge7 12. b5 Nd8 13. O-O Bh3 14. Qb3 Bxg2 15. Kxg2 Ne6 16. Na4 b6 17. Nc3 Ng5 18. h4 Qh3+ 19. Kg1 Nxf3+ 20. exf3 g5 21. h5 Nf5 22. Ne4 Nd4 23. Qd1 f5 24. Bc3 fxe4 25. Bxd4 exd4 26. Qe1 e3 27. fxe3 Ra2 0-1